Cogmind - Beta 14 @@@ ROGUE MODE // 2024.10.03 @ 23:07:31 Player: OctagonalPrism Result: Destroyed by C-57 Dissector with Dual-blade Saw Performance ------------- Evolutions (9) 4500 Regions Visited (30) 6000 Robots Destroyed (276) 1380 Value Destroyed (12723) 12723 Prototype IDs (59) 1180 Alien Tech Used (0) 0 Bonus (9335) 9335 TOTAL SCORE: 35118 Bonus ------- High Alert Combat Kills 717 Follower Combat Kills 1610 Network Hubs Disabled 200 Aligned with FarCom 300 Met Data Miner 300 Met Imprinter 300 Met Warlord at Base 500 MAIN.C Attacked Warlord 500 Warlord Defense Kills 486 Built Enhanced Grunts 300 Met R17 at Cetus 500 Met R17 at Research 2000 Met Warlord at Research 2000 Friendly Fire -378 Cogmind --------- Core Integrity 0/1600 Matter 183/300 Energy 44/100 System Corruption 40% Temperature Cool (0) Movement Core (50) Location -1/Access Parts ------- > --- POWER (2) -------- (None) > --- PROPULSION (4) --- (None) > --- UTILITY (15) ----- (None) > --- WEAPON (4) ------- (None) > --- INVENTORY (5) ---- (None) Peak State ------------ > --- POWER ------------ Particle Reactor Quantum Reactor > --- PROPULSION ------- Advanced Heavy Treads Advanced Heavy Siege Treads > --- UTILITY ---------- Advanced Cryofiber Web Advanced Heat Sink Medium Storage Unit Advanced Signal Interpreter Improved Terrain Scanner Advanced Terrain Scan Processor Improved Target Analyzer Improved Armor Integrity Analyzer Kinecellerator Centrium Light Armor Plating Centrium Medium Armor Plating Advanced Shield Generator Advanced Hacking Suite Advanced Hacking Suite > --- WEAPON ----------- Enhanced Nova Cannon Railgun Heavy Gauss Cannon Linear Accelerator > --- INVENTORY -------- Particle Reactor Light Quantum Reactor Advanced Heavy Treads Advanced Thermal Generator Large Battery Advanced Shield Generator Enhanced Nova Cannon Gamma Bomb Array Plasma Lance [Rating: 166] Favorites ----------- Power Enhanced Nuclear Core Engine Ion Engine Power Core Enhanced Nuclear Core Reactor Antimatter Reactor Propulsion Improved Medium Treads Treads Improved Medium Treads Hover Unit Improved Antigrav System Utility Medium Storage Unit Device Improved Terrain Scanner Storage Medium Storage Unit Processor Advanced Signal Interpreter Hackware Advanced Hacking Suite Protection Improved Power Shielding Weapon Longsword +1 Energy Gun Advanced Beam Rifle Energy Cannon Enhanced Nova Cannon Ballistic Gun Gauss Rifle Ballistic Cannon Hardcell Cannon Launcher Heavy Shock Bomb Launcher Special Weapon Enhanced Flamer Slashing Weapon Longsword +1 Piercing Weapon Force Lance Build | -11 -10 -10 -10 -9 -8 -7 -7 -7 -7 -6 -6 -6 -6 -6 -5 -5 -5 -5 -5 -5 -5 -5 -4 -4 -4 -4 -3 -3 -2 -1 ------- Run | Yrd Mat Min Exi Min Mat Fac Low Low Zio Pro Fac Low Low Dat Pro Fac Was Fac Ext Cet Arc Hub Fac Upp Upp War Pro Res Res Acc Slots Evolved 18 | . . . . . 4 2 . . . . 2 . . . . 2 . . . . . . 2 . . . . 2 2 2 Power 1 | . . . . . . . . . . . . . . . . . . . . . . . 1 . . . . . . . Propulsion 2 | . . . . . . . . . . . . . . . . 1 . . . . . . . . . . . . 1 . Utility 13 | . . . . . 3 2 . . . . 2 . . . . 1 . . . . . . 1 . . . . 2 1 1 Weapon 2 | . . . . . 1 . . . . . . . . . . . . . . . . . . . . . . . . 1 Parts Attached 473 | 7 4 2 . 15 23 30 1 7 11 12 24 12 6 . 8 5 7 37 26 9 12 12 84 9 8 24 3 12 18 45 Power 44 | 1 . . . 1 1 2 . . . . . . . . . . 2 4 1 3 1 . 12 2 . 3 . 2 3 6 Engine 6 | 1 . . . 1 . 1 . . . . . . . . . . . . . 1 . . 1 1 . . . . . . Core 9 | . . . . . 1 1 . . . . . . . . . . 1 1 1 . . . 4 . . . . . . . Reactor 29 | . . . . . . . . . . . . . . . . . 1 3 . 2 1 . 7 1 . 3 . 2 3 6 Propulsion 50 | 2 1 . . 1 3 4 . . . . 3 . . . . 1 1 1 6 . 3 1 11 2 . 1 1 2 2 4 Treads 42 | 2 1 . . 1 3 4 . . . . 3 . . . . 1 1 1 6 . 3 1 5 2 . 1 1 2 2 2 Leg . | . . . . . . . . . . . . . . . . . . . . . . . . . . . . . . . Wheel . | . . . . . . . . . . . . . . . . . . . . . . . . . . . . . . . Hover 8 | . . . . . . . . . . . . . . . . . . . . . . . 6 . . . . . . 2 Flight . | . . . . . . . . . . . . . . . . . . . . . . . . . . . . . . . Utility 204 | 2 1 . . 5 9 11 1 5 2 8 15 10 4 . 5 2 2 20 10 1 6 4 34 3 4 14 2 4 10 10 Device 120 | 1 . . . 5 3 3 1 2 2 4 7 7 3 . 3 1 2 8 6 . 4 3 23 3 2 9 1 3 7 7 Storage 6 | 1 1 . . . 2 . . . . . . . . . . . . . . . . . 1 . . . . . . 1 Processor 23 | . . . . . 2 3 . 1 . . 3 1 . . . . . 1 1 . . 1 5 . 1 1 . . 1 2 Hackware 6 | . . . . . . . . . . . . . . . . . . 1 . . 2 . 1 . . . . 1 1 . Protection 49 | . . . . . 2 5 . 2 . 4 5 2 1 . 2 1 . 10 3 1 . . 4 . 1 4 1 . 1 . Artifact . | . . . . . . . . . . . . . . . . . . . . . . . . . . . . . . . Weapon 175 | 2 2 2 . 8 10 13 . 2 9 4 6 2 2 . 3 2 2 12 9 5 2 7 27 2 4 6 . 4 3 25 Energy Gun 31 | 1 . . . . 3 4 . . 1 1 1 . . . . . 1 2 2 2 1 5 5 . . 1 . . . 1 Energy Cannon 6 | . . . . . . . . . . . . . . . . . . . 1 . . . . . . . . . 1 4 Ballistic Gun 50 | 1 2 1 . 5 5 5 . . 3 . 2 1 1 . 1 1 1 5 4 1 . . 3 . . . . 1 . 7 Ballistic Cannon 26 | . . . . . . . . . . . . . . . . . . . 1 1 . . 8 1 2 5 . 1 2 5 Launcher 14 | . . 1 . 3 . 1 . 1 1 1 . . . . 1 . . 1 1 . . . . . . . . . . 3 Special Weapon 1 | . . . . . . . . . 1 . . . . . . . . . . . . . . . . . . . . . Impact Weapon . | . . . . . . . . . . . . . . . . . . . . . . . . . . . . . . . Slashing Weapon 33 | . . . . . 2 3 . 1 1 2 3 1 1 . 1 1 . 4 . 1 1 2 9 . . . . . . . Piercing Weapon 14 | . . . . . . . . . 2 . . . . . . . . . . . . . 2 1 2 . . 2 . 5 Special Melee Weapon . | . . . . . . . . . . . . . . . . . . . . . . . . . . . . . . . Unidentified Prototypes 13 | . . . . . 1 2 . . . . . . . . . . . 1 . 1 . . 1 . . 6 . . . 1 Corrupted Parts 1 | . . . . . . . . . . . . . . . . . . . 1 . . . . . . . . . . . System Corruption 2 | . . . . . . . . . . . . . . . . . . . 2 . . . . . . . . . . . Parts Lost 96 | . . . . . . . . . . . . 1 . . . . 1 5 5 3 1 3 23 1 3 12 3 2 1 32 Power 11 | . . . . . . . . . . . . . . . . . . 1 . . . . 3 . . 1 1 . . 5 Propulsion 13 | . . . . . . . . . . . . . . . . . . . 1 2 . . 5 . . 1 . 1 . 3 Utility 47 | . . . . . . . . . . . . 1 . . . . 1 4 . . . 1 11 1 2 7 1 1 1 16 Weapon 25 | . . . . . . . . . . . . . . . . . . . 4 1 1 2 4 . 1 3 1 . . 8 Highest Loss Streak 9 | . . . . . . . . . . . . 1 . . . . 1 2 2 2 1 3 7 1 3 9 3 2 1 8 To Critical Strikes 3 | . . . . . . . . . . . . . . . . . . . . 1 . . 1 . . . . . . 1 Average Slot Usage (%) 95 | . 100 100 100 100 97 96 100 100 100 100 99 99 100 100 99 99 96 93 96 89 98 99 92 96 93 89 88 84 89 74 Engine 1 | . 14 14 14 14 4 . . . . . . . . . . . . . . . . . . . . . . . . . Core 3 | . . . . . 4 6 7 7 7 7 6 6 6 6 6 5 3 1 5 2 . . 1 5 5 3 . . . . Reactor 2 | . . . . . . . . . . . . . . . . . 1 3 . 2 5 5 7 4 5 5 9 8 8 7 Treads 13 | . 28 28 28 28 18 15 15 15 15 15 13 13 13 13 13 17 14 11 14 8 16 17 8 4 10 9 10 9 8 7 Device 17 | . 14 14 14 14 17 13 22 22 23 21 18 19 19 20 19 17 21 18 7 5 8 11 14 20 20 19 19 18 21 13 Storage 6 | . 14 14 14 14 9 7 7 7 7 7 6 6 6 6 6 5 5 5 5 5 5 5 5 5 5 5 5 4 4 6 Processor 23 | . . . . . 9 20 23 23 23 23 25 31 33 33 33 29 23 23 32 29 27 22 20 26 26 25 21 19 20 15 Hackware 2 | . . . . . . . . . . . . . . . . . . 1 5 5 6 11 7 4 . . . 3 4 7 Protection 3 | . . . . . 7 8 . . . 1 7 1 . . . 4 5 6 5 10 6 5 5 . 5 5 10 8 6 1 Energy Gun 2 | . 7 . . . 4 . . . . . 2 6 6 6 6 5 5 5 3 1 5 7 6 . . . 5 3 . . Ballistic Gun 8 | . 20 27 28 27 17 14 15 15 15 15 10 6 6 6 6 5 9 7 8 4 5 4 2 10 9 4 . 1 . 2 Ballistic Cannon 1 | . . . . . . . . . . . . . . . . . . . 1 4 . . 3 1 1 5 4 . 7 9 Slashing Weapon 2 | . . . . . 3 6 7 6 2 6 5 5 5 6 5 4 1 2 . . 4 3 2 . . . . . . . Peak Build Rating 166 | 9 10 11 11 12 33 46 46 48 48 50 69 69 67 67 68 79 83 91 85 81 91 92 109 110 111 126 118 134 157 166 Average Rating 76 | 5 9 10 10 11 26 40 44 45 45 47 62 66 66 67 66 76 78 85 78 76 88 89 91 107 105 109 111 126 150 138 On Entrance 64 | . 9 10 10 11 11 33 46 45 46 48 48 68 67 67 67 64 79 83 85 81 78 90 83 99 103 101 116 95 109 157 Naked Turns 17 | . . . . . . . . . . . . . . . . . . . . . . . . . . . . . . 17 Heaviest Build 113 | 15 20 20 20 22 30 45 31 31 32 48 45 43 30 30 40 38 51 63 52 55 50 49 83 68 84 96 75 77 108 113 Greatest Support 155 | 40 40 40 40 40 46 46 44 44 44 44 58 58 58 58 58 86 100 100 100 83 86 86 86 105 105 105 103 98 150 155 Greatest Overweight (x) 13 | . . . . . . 1 . . . 1 1 . . . . . . . . 1 1 . 13 1 . . . 1 . 11 Average Overweight (x) . | . . . . . . . . . . . . . . . . . . . . . . . . . . . . . . . Largest Inventory Capacity 10 | 8 10 10 10 10 10 10 10 10 10 10 10 10 10 10 10 10 10 10 10 10 10 10 10 10 10 10 10 10 10 10 Average Capacity 9 | 5 9 10 10 10 10 10 10 10 10 10 10 10 10 10 10 10 10 10 10 10 10 10 10 10 10 10 10 10 10 9 Most Carried 10 | 2 8 9 10 10 10 10 10 10 10 10 10 10 10 10 10 9 10 10 10 10 10 10 10 10 10 10 9 10 10 10 Average Carried 9 | 1 5 8 9 9 8 9 9 10 10 10 9 9 9 10 10 8 9 9 9 9 9 9 8 8 8 8 7 9 9 8 Final Capacity 10 | 8 10 10 10 10 10 10 10 10 10 10 10 10 10 10 10 10 10 10 10 10 10 10 10 10 10 10 10 10 10 5 Final Carried 10 | 2 8 9 10 9 9 10 10 10 10 10 10 9 10 10 10 9 10 8 10 10 9 10 9 9 7 7 7 10 10 . Class Distribution -------------------- 35% | Assassin 22% | Scavenger-Assassin 15% | Scavenger-Skirmisher 5% | Scavenger-Mutant 5% | Mutant 5% | Scavenger-Gunner 3% | Skirmisher Dominant Class ---------------- Mutant | -10/Materials Mutant | -10/Mines Mutant | -10/Exiles Skirmisher | -9/Mines Scavenger-Skirmisher | -8/Materials Assassin | -7/Factory Assassin | -7/Lower Caves Assassin | -7/Lower Caves Assassin | -7/Zion Assassin | -6/Proximity Caves Assassin | -6/Factory Assassin | -6/Lower Caves Assassin | -6/Lower Caves Assassin | -6/Data Miner Assassin | -5/Proximity Caves Assassin | -5/Factory Skirmisher | -5/Waste Scavenger-Assassin | -5/Factory Scavenger-Skirmisher | -5/Extension Scavenger-Gunner | -5/Cetus Scavenger-Mutant | -5/Archives Scavenger-Assassin | -5/Hub_04(d) Scavenger-Assassin | -4/Factory Scavenger-Assassin | -4/Upper Caves Scavenger-Assassin | -4/Upper Caves Scavenger-Assassin | -4/Warlord Scavenger-Mutant | -3/Proximity Caves Scavenger-Assassin | -3/Research Scavenger-Skirmisher | -2/Research Hacker-Gunner | -1/Access Resources | -11 -10 -10 -10 -9 -8 -7 -7 -7 -7 -6 -6 -6 -6 -6 -5 -5 -5 -5 -5 -5 -5 -5 -4 -4 -4 -4 -3 -3 -2 -1 ----------- Run | Yrd Mat Min Exi Min Mat Fac Low Low Zio Pro Fac Low Low Dat Pro Fac Was Fac Ext Cet Arc Hub Fac Upp Upp War Pro Res Res Acc Matter Collected 10758 | 282 166 76 . 245 212 579 10 133 110 183 327 270 121 . 136 . 273 800 810 341 199 178 1418 355 123 483 145 132 554 2097 Remotely . | . . . . . . . . . . . . . . . . . . . . . . . . . . . . . . . Salvage Created 12589 | 109 442 178 . 423 325 835 . 22 . 125 467 271 46 . 142 . . 974 774 226 376 583 2193 192 56 214 209 156 424 2827 Parts 690 | 10 28 14 . 39 23 39 . 3 . 6 25 3 5 . 9 . . 53 47 5 26 30 116 15 6 8 13 3 18 146 Haulers Intercepted 9 | . 1 . . . 2 2 . . . . . . . . . . . 1 . . . . 1 . . . . . . 2 Recyclers Shooed 6 | . . . . . . . . . . . 1 . . . . . . 4 . . . . . . . . . . . 1 Parts Field Recycled . | . . . . . . . . . . . . . . . . . . . . . . . . . . . . . . . Retrieved Matter . | . . . . . . . . . . . . . . . . . . . . . . . . . . . . . . . Parts Self-Destructed 70 | . . . . . . . . 5 . 10 . 3 5 . 7 . . . . . . . . 16 11 . 13 . . . Prevented 7 | . . . . . . . . . . 1 . . 5 . . . . . . . . . . 1 . . . . . . Kills | -11 -10 -10 -10 -9 -8 -7 -7 -7 -7 -6 -6 -6 -6 -6 -5 -5 -5 -5 -5 -5 -5 -5 -4 -4 -4 -4 -3 -3 -2 -1 ------- Run | Yrd Mat Min Exi Min Mat Fac Low Low Zio Pro Fac Low Low Dat Pro Fac Was Fac Ext Cet Arc Hub Fac Upp Upp War Pro Res Res Acc Combat Hostiles Destroyed 193 | . 5 5 . 15 3 7 . 3 . 3 8 4 1 . 5 . . 13 11 4 1 8 29 5 2 3 4 2 8 44 Guns 102 | . 4 1 . 8 3 6 . . . 2 8 4 1 . 2 . . 13 8 2 1 8 15 2 2 2 4 2 . 4 Cannons 64 | . . . . . . . . . . . . . . . . . . . 3 2 . . 13 3 . 1 . . 8 34 AOE 24 | . . 4 . 7 . 1 . 3 . 1 . . . . 3 . . . . . . . 1 . . . . . . 4 Classes Destroyed 19 | 2 4 2 . 2 1 1 . . . 1 . . . . . . . 3 1 . . . . . . 1 . . 1 . Worker 8 | . . 1 . 1 . 1 . . . . . . . . . . . 1 . . . . 1 . . . . . . 3 Builder 20 | . 3 1 . . . 1 . . . . 2 . . . . . . 2 . . . . 5 . . . . . . 6 Tunneler 9 | 2 . . . 2 1 . . . . . . . . . . . . . . . . . 1 . . . . . . 3 Hauler 9 | . 1 . . . 2 2 . . . . . . . . . . . 1 . . . . 1 . . . . . . 2 Recycler 11 | 1 2 . . . . 3 . . . . . . . . . . . 1 . . . . 3 . . . . . . 1 Operator 11 | . . . . . . . . . . . . . . . . . . . 1 . 9 1 . . . . . . . . Watcher 13 | . 1 . . . 1 . . . . . . . . . . . . 2 . . . 2 2 . . . . . 1 4 Swarmer 41 | . . 3 . 12 . . . 3 . 1 . . . . 4 . . 4 . . . . . 3 2 . . . . 9 Grunt 55 | . 5 2 . 2 . 4 . . . 1 3 4 . . . . . 2 4 . . 4 10 . . 1 . 1 . 12 Brawler 3 | . . . . 1 . . . . . . . . . . . . . 1 . . . . . . . 1 . . . . Duelist 2 | . . . . . . . . . . 1 1 . . . . . . . . . . . . . . . . . . . Protector 1 | . . . . . . . . . . . . . . . . . . 1 . . . . . . . . . . . . Sentry 20 | . . . . . 3 2 . . . . 2 . . . 1 . . . 3 . 1 1 4 . . . . . 1 2 Demolisher 1 | . . . . . . . . . . . . . . . . . . . . . . . . . . . . . 1 . Hunter 14 | . . . . . . . . . . . . . . . . . . 2 2 . . 1 4 . . . . 1 2 2 Programmer 46 | . . . . . . 1 . . . . 2 . 1 . . . . 2 . . . 2 11 2 . . 4 . 2 19 Behemoth 3 | . . . . . . . . . . . . . . . . . . 1 2 . . . . . . . . . . . Cetus Guard 4 | . . . . . . . . . . . . . . . . . . . . 4 . . . . . . . . . . Striker 3 | . . . . . . . . . . . . . . . . . . . . . . . . . . 1 . . 2 . Zionite 1 | . . . . 1 . . . . . . . . . . . . . . . . . . . . . . . . . . Thug 1 | . . . . . . . . . . 1 . . . . . . . . . . . . . . . . . . . . Best Kill Streak 10 | 3 4 4 . 10 2 5 . 3 . 2 4 3 1 . 4 . . 4 2 2 2 4 5 3 2 1 2 1 4 6 Combat Bots Only 5 | . 2 4 . 4 2 4 . 3 . 2 4 3 1 . 4 . . 2 2 2 1 4 5 3 2 1 2 1 4 5 Max Kills in Single Turn 3 | 1 1 3 . 3 1 1 . 1 . 1 1 1 1 . 2 . . 2 1 1 2 1 2 1 1 1 1 1 1 3 Gunslinging . | . . . . . . . . . . . . . . . . . . . . . . . . . . . . . . . Exploded 3 | . . 3 . 3 . 1 . 1 . 1 . . . . 2 . . . . . . . 1 . . . . . . 2 Melee . | . . . . . . . . . . . . . . . . . . . . . . . . . . . . . . . Uniques/NPCs Destroyed . | . . . . . . . . . . . . . . . . . . . . . . . . . . . . . . . Combat | -11 -10 -10 -10 -9 -8 -7 -7 -7 -7 -6 -6 -6 -6 -6 -5 -5 -5 -5 -5 -5 -5 -5 -4 -4 -4 -4 -3 -3 -2 -1 -------- Run | Yrd Mat Min Exi Min Mat Fac Low Low Zio Pro Fac Low Low Dat Pro Fac Was Fac Ext Cet Arc Hub Fac Upp Upp War Pro Res Res Acc Hostile Shots Fired 1786 | . 27 12 . 35 9 112 . 15 . 15 54 26 4 . 17 . . 91 90 43 7 68 258 49 5 190 87 61 67 444 Missed 497 | . 9 5 . 5 3 37 . 4 . 4 18 6 3 . 7 . . 26 25 16 3 16 80 16 1 50 23 13 12 115 Damage Taken 24728 | . 209 86 . 338 76 890 . 213 . 170 556 381 16 . 150 . 102 1777 1220 611 96 834 3470 534 222 2529 1347 524 1037 7340 Core 3358 | . 36 37 . 28 24 58 . . . . 32 61 . . 18 . . 213 84 81 . 87 450 23 9 284 98 58 53 1624 Absorbed by Shields 2536 | . . . . . . . . . . . . . . . . . . . 275 129 . . 504 . . 617 . . 303 708 Reduced by Siege Mode 834 | . . . . . . . . . . . . . . . . . . 6 6 . . . . 33 . 1 72 22 164 530 Redirected to Shielding 226 | . . . . . . . . . . . . . . . . . . . 51 . . 23 71 . . 81 . . . . Ignored by Resistances 854 | . . . . . 6 . . . . . . . . . . . . . . . . . 77 44 12 391 175 136 13 . Regen/Repaired (Parts) 1035 | . . . . . 51 407 . . 178 . . . . . . . 62 . . . . . 272 . . 65 . . . . Core Remaining (%) 77 | 100 . . . 59 95 . . . . 91 . . . . 86 . . . . . . 53 . . . . 24 95 96 . Volleys Fired 616 | 4 31 10 . 23 16 24 . 4 . 7 20 16 2 . 8 . 10 56 50 17 5 24 82 10 4 20 19 14 23 117 Largest 4 | 2 2 2 . 2 3 3 . 3 . 3 3 3 3 . 3 . 3 3 3 3 3 3 3 3 2 3 2 2 3 4 Hottest 282 | 70 70 40 . 53 107 112 . 90 . 122 122 122 122 . 122 . 136 136 143 176 166 218 218 134 68 167 136 105 247 282 Shots Fired 1526 | 8 62 18 . 46 48 57 . 6 . 17 54 42 8 . 15 . 28 142 121 49 12 66 207 30 10 44 27 28 66 315 Gun 1014 | 8 62 16 . 41 48 53 . 2 . 15 54 42 8 . 13 . 28 137 100 17 8 66 144 20 9 12 19 28 . 64 Cannon 480 | . . . . . . . . . . . . . . . . . . . 18 32 4 . 63 10 1 32 8 . 66 246 Launcher 32 | . . 2 . 5 . 4 . 4 . 2 . . . . 2 . . 5 3 . . . . . . . . . . 5 Special . | . . . . . . . . . . . . . . . . . . . . . . . . . . . . . . . Kinetic 1003 | 4 42 16 . 41 32 35 . 2 . 10 37 26 5 . 7 . 18 82 74 32 8 20 97 30 10 44 8 14 46 263 Thermal 488 | 4 20 . . . 16 18 . . . 5 17 16 3 . 6 . 10 55 44 17 4 46 107 . . . 19 14 20 47 Explosive 8 | . . . . . . . . 4 . 2 . . . . 2 . . . . . . . . . . . . . . . Electromagnetic 27 | . . 2 . 5 . 4 . . . . . . . . . . . 5 3 . . . 3 . . . . . . 5 Robot Hit Streak 24 | 7 9 9 . 10 10 17 . 5 . 7 14 13 9 . 3 . 6 19 16 8 6 15 24 9 10 4 10 8 7 17 Robot Miss Streak 6 | . 3 1 . 3 3 2 . . . 2 1 2 1 . 2 . 2 3 4 2 2 4 3 5 1 3 2 2 5 6 Penetration Max 1 | . . . . . . . . . . . . . . . . . . 1 1 1 1 1 . . . 1 . 1 . 1 Secondary Targets 6 | . . . . . . 2 . . . . 1 1 . . . . . . . . . 2 . . . . . . . . Max Gunslinging Chain 1 | . . . . . . 1 . . . . 1 1 . . . . . . . . . 1 . . . . . . . . Shots Hit Robots 1023 | 7 44 14 . 20 31 51 . 3 . 8 46 35 3 . 6 . 20 91 77 34 17 50 156 15 5 24 21 21 38 186 Core Hits 492 | 4 19 9 . 23 13 21 . 4 . 7 19 12 2 . 7 . 3 40 36 15 12 21 76 7 2 12 8 9 16 95 Critical Kills 22 | . . . . . . . . . . . . . . . 1 . . 2 2 . . . 8 3 1 2 . 1 . 2 Critical Parts Destroyed 25 | . . . . . . . . . . . . 1 . . . . . . 2 . . . 9 4 2 5 . 1 . 1 Critical Strikes 104 | . 1 . . . 1 1 . . . . 1 2 . . 1 . 3 5 7 1 . . 20 7 3 9 3 2 3 34 Burn 11 | . 1 . . . 1 1 . . . . 1 . . . . . 1 3 1 . . . 1 . . . 1 . . . Meltdown 2 | . . . . . . . . . . . . . . . . . . . . . . . . . . . . . . 2 Destroy 48 | . . . . . . . . . . . . 1 . . 1 . 2 2 4 . . . 17 7 3 8 . 2 . 1 Blast 40 | . . . . . . . . . . . . . . . . . . . 2 1 . . 1 . . 1 2 . 3 30 Sever 2 | . . . . . . . . . . . . 1 . . . . . . . . . . 1 . . . . . . . Impale 1 | . . . . . . . . . . . . . . . . . . . . . . . . . . . . . . 1 Melee Attacks 321 | . . . . . 9 28 21 8 4 5 22 12 13 . 15 1 1 21 . 25 12 18 50 6 11 . . 8 4 27 Impact . | . . . . . . . . . . . . . . . . . . . . . . . . . . . . . . . Slashing 261 | . . . . . 9 28 21 8 . 5 22 12 13 . 15 1 1 21 . 25 12 18 50 . . . . . . . Piercing 60 | . . . . . . . . . 4 . . . . . . . . . . . . . . 6 11 . . 8 4 27 Sneak Attacks 41 | . . . . . 1 7 . . . . 3 . . . . . . 1 . . 10 1 12 . . . . . . 6 Combat Hostiles . | . . . . . . . . . . . . . . . . . . . . . . . . . . . . . . . Follow-up Attacks . | . . . . . . . . . . . . . . . . . . . . . . . . . . . . . . . Damage Inflicted 33819 | 93 546 251 . 441 497 1532 . 292 . 400 1215 724 85 . 294 . 452 2477 1930 1048 1487 1448 5471 282 49 691 656 459 1526 9473 Guns 14509 | 93 546 162 . 239 390 745 . 32 . 186 903 674 85 . 114 . 452 2152 1270 254 216 1287 2351 165 49 277 436 459 . 972 Cannons 12098 | . . . . . . . . . . . . . . . . . . . 490 794 34 . 1502 117 . 414 220 . 1526 7001 Explosions 2745 | . . 89 . 202 . 179 . 260 . 214 . . . . 180 . . 192 170 . . . 323 . . . . . . 936 Melee 4467 | . . . . . 107 608 . . . . 312 50 . . . . . 133 . . 1237 161 1295 . . . . . . 564 Ramming . | . . . . . . . . . . . . . . . . . . . . . . . . . . . . . . . Kinetic 17365 | 54 361 162 . 239 259 495 . 32 . 146 618 394 35 . 74 . 309 1169 1005 669 155 347 1959 282 49 691 220 217 902 6522 Thermal 10019 | 39 185 . . . 131 250 . . . 40 285 280 50 . 40 . 143 1006 755 379 95 940 1935 . . . 436 242 624 2164 Explosive 868 | . . . . . . . . 260 . 214 . . . . 180 . . . . . . . 214 . . . . . . . Electromagnetic 1100 | . . 89 . 202 . 179 . . . . . . . . . . . 169 170 . . . 68 . . . . . . 223 Impact . | . . . . . . . . . . . . . . . . . . . . . . . . . . . . . . . Slashing 3903 | . . . . . 107 608 . . . . 312 50 . . . . . 133 . . 1237 161 1295 . . . . . . . Piercing 564 | . . . . . . . . . . . . . . . . . . . . . . . . . . . . . . 564 Highest Corruption 40 | . . . . . . . . . . . 1 1 2 2 2 . 18 19 19 17 17 1 14 . 11 11 . . 3 40 Average Corruption 8 | . . . . . . . . . . . 1 1 1 2 2 . 11 18 15 17 10 1 9 . 11 11 . . 2 14 Corruption Purged 31 | . . . . . . . . . . . . . . . . . . . 4 . 17 . 10 . . . . . . . Corruption Blocked 15 | . . . . . . . . . . . . . . . . . . . 15 . . . . . . . . . . . Effects 478 | . . . . . . . . . . . 3 11 28 1 15 . 13 79 83 36 19 9 90 . 9 3 . . . 79 Message Errors 108 | . . . . . . . . . . . 1 1 5 . 2 . . 19 19 10 5 3 17 . 3 . . . . 23 Matter Fused 121 | . . . . . . . . . . . . 3 7 . 5 . 5 25 18 13 5 2 23 . 1 2 . . . 12 Heat Flow Errors 63 | . . . . . . . . . . . . 4 5 . 2 . 2 13 11 . 1 2 11 . 3 . . . . 9 Energy Discharges 42 | . . . . . . . . . . . . . 4 1 2 . 1 3 11 5 2 . 7 . . 1 . . . 5 Parts Rejected 5 | . . . . . . . . . . . . . . . . . 1 2 . . . . . . . . . . . 2 Parts Fused 5 | . . . . . . . . . . . 1 1 . . . . . 1 1 . 1 . . . . . . . . . Data Loss (minor) 52 | . . . . . . . . . . . . 2 5 . 1 . . 5 10 4 1 2 13 . . . . . . 9 Data Loss (major) 26 | . . . . . . . . . . . . . . . 1 . 2 2 7 1 2 . 6 . . . . . . 5 Misfires 14 | . . . . . . . . . . . . . 2 . . . . 4 2 . . . 4 . 2 . . . . . Alerts 12 | . . . . . . . . . . . 1 . . . 2 . . 1 . 2 1 . 3 . . . . . . 2 Misdirections 4 | . . . . . . . . . . . . . . . . . 1 . 1 . . . 1 . . . . . . 1 Weapon Failures 26 | . . . . . . . . . . . . . . . . . 1 4 3 1 1 . 5 . . . . . . 11 Overload Shots . | . . . . . . . . . . . . . . . . . . . . . . . . . . . . . . . Overflow Damage 1701 | . . . . . . 105 . . . 8 137 . . . . . . 64 4 . 273 106 303 24 . . 7 . 30 640 Projectiles 459 | . . . . . . . . . . . . . . . . . . . 4 . . . 47 24 . . 7 . 30 347 Explosions 188 | . . . . . . . . . . 8 . . . . . . . . . . . . 38 . . . . . . 142 Melee 1054 | . . . . . . 105 . . . . 137 . . . . . . 64 . . 273 106 218 . . . . . . 151 Knockbacks 75 | . . . . . . . . . . . . . . . . . . . . . . . 10 1 . 5 4 . 9 46 Impact . | . . . . . . . . . . . . . . . . . . . . . . . . . . . . . . . Kinetic 67 | . . . . . . . . . . . . . . . . . . . . . . . 9 1 . 4 4 . 7 42 Secondary 8 | . . . . . . . . . . . . . . . . . . . . . . . 1 . . 1 . . 2 4 Self-Inflicted Damage 303 | . . . . 32 . . . 51 . . . . . . . . . 22 . . . . 119 . . . . . . 79 Shots 12 | . . . . 3 . . . 1 . . . . . . . . . 2 . . . . 3 . . . . . . 3 Rammed . | . . . . . . . . . . . . . . . . . . . . . . . . . . . . . . . Targets Rammed . | . . . . . . . . . . . . . . . . . . . . . . . . . . . . . . . Kicked . | . . . . . . . . . . . . . . . . . . . . . . . . . . . . . . . Crushed . | . . . . . . . . . . . . . . . . . . . . . . . . . . . . . . . Highest Temperature 325 | 18 177 20 . 9 2 161 . . . 80 84 257 266 . 234 . 309 317 257 5 88 191 276 72 190 71 . 40 295 325 Average Temperature 74 | 8 71 6 . 5 2 55 . . . 36 22 82 107 . 47 . 175 104 79 3 58 34 57 41 84 22 . 22 138 129 Received Heat Transfer 2730 | . 114 63 . 24 27 369 . . . 18 159 201 . . . . 9 177 311 62 9 153 357 . . 351 9 94 . 223 Effects 7 | . . . . . . . . . . . . 4 1 . . . . 1 . . . . . . . . . . . 1 Shutdowns 1 | . . . . . . . . . . . . . . . . . . 1 . . . . . . . . . . . . Energy Bleed 2 | . . . . . . . . . . . . 1 . . . . . . . . . . . . . . . . . 1 Interference 4 | . . . . . . . . . . . . 3 1 . . . . . . . . . . . . . . . . . Siege Activations 25 | . . . . . . . . . . . . . . . . . . 2 2 . . . . 1 1 1 2 1 4 11 Total Turns 389 | . . . . . . . . . . . . . . . . . . 45 15 . . . . 18 8 4 40 15 73 171 Longest Duration 39 | . . . . . . . . . . . . . . . . . . 33 8 . . . . 18 8 4 22 15 39 38 Robots Corrupted . | . . . . . . . . . . . . . . . . . . . . . . . . . . . . . . . Combat Hostiles . | . . . . . . . . . . . . . . . . . . . . . . . . . . . . . . . Parts Fried 5 | . . . . 1 . . . . . . . . . . . . . . 4 . . . . . . . . . . . Impact Corruptions 1 | . . . . . . . . . . . . . . . . . . . . . . . . . . . . . 1 . Robots Melted 4 | . 1 . . . . . . . . . . . . . . . . . . . . . 1 . . . . . . 2 Combat Hostiles 3 | . 1 . . . . . . . . . . . . . . . . . . . . . . . . . . . . 2 Parts Melted 31 | . 2 . . . . 1 . . . 1 1 . . . . . . 2 2 . . 2 6 . . . 4 1 . 9 Heat Transferred 14567 | 111 629 . . . 407 518 . . . 74 555 518 74 . 74 . 333 1556 1214 575 111 1295 3158 . . . 900 550 518 1397 Parts Sabotaged . | . . . . . . . . . . . . . . . . . . . . . . . . . . . . . . . Parts Stolen . | . . . . . . . . . . . . . . . . . . . . . . . . . . . . . . . Parts Stripped . | . . . . . . . . . . . . . . . . . . . . . . . . . . . . . . . Power Chain Reactions 2 | . . . . . . . . . . . . . . . . . . 1 . . . . 1 . . . . . . . Alert | -11 -10 -10 -10 -9 -8 -7 -7 -7 -7 -6 -6 -6 -6 -6 -5 -5 -5 -5 -5 -5 -5 -5 -4 -4 -4 -4 -3 -3 -2 -1 ------- Run | Yrd Mat Min Exi Min Mat Fac Low Low Zio Pro Fac Low Low Dat Pro Fac Was Fac Ext Cet Arc Hub Fac Upp Upp War Pro Res Res Acc Peak Influence 995 | 15 204 160 . 305 161 169 . . . . 139 . . . . 2 98 344 336 267 300 189 547 . . . . 85 186 995 Initial 132 | . 9 15 . . 46 2 . . . . 88 . . . . . . 68 132 63 46 . 92 . . . . 33 . 111 Average 138 | 7 65 128 . 155 43 69 . . . . 56 . . . . 1 46 223 144 112 177 62 194 . . . . 35 29 383 Maximum Alert Level 3 | . 1 . . 1 . . . . . . . . . . . . . 1 1 1 1 . 2 . . . . . . 3 Low Security (%) 77 | 100 98 100 . 72 100 100 . . . . 100 . . . . 100 100 43 80 98 56 100 61 . . . . 100 100 12 Level 1 16 | . 1 . . 27 . . . . . . . . . . . . . 56 19 1 43 . 19 . . . . . . 52 Level 2 4 | . . . . . . . . . . . . . . . . . . . . . . . 18 . . . . . . 20 Level 3 1 | . . . . . . . . . . . . . . . . . . . . . . . . . . . . . . 14 Level 4 . | . . . . . . . . . . . . . . . . . . . . . . . . . . . . . . . Level 5 . | . . . . . . . . . . . . . . . . . . . . . . . . . . . . . . . High Security . | . . . . . . . . . . . . . . . . . . . . . . . . . . . . . . . Max Security . | . . . . . . . . . . . . . . . . . . . . . . . . . . . . . . . Squads Dispatched 52 | . 1 . . . . 4 . . . . 3 . . . . . . 10 2 1 . 5 11 . . . . 2 1 12 Investigation 14 | . 1 . . . . 2 . . . . 1 . . . . . . 2 1 1 . 2 3 . . . . . . 1 Extermination 19 | . . . . . . 2 . . . . 2 . . . . . . 2 . . . 1 5 . . . . . . 7 Reinforcement 17 | . . . . . . . . . . . . . . . . . . 4 1 . . 2 3 . . . . 2 1 4 Assault 1 | . . . . . . . . . . . . . . . . . . 1 . . . . . . . . . . . . Garrison 1 | . . . . . . . . . . . . . . . . . . 1 . . . . . . . . . . . . Intercept . | . . . . . . . . . . . . . . . . . . . . . . . . . . . . . . . Searches Triggered . | . . . . . . . . . . . . . . . . . . . . . . . . . . . . . . . Data Miner Redirects 3 | . . . . . . . . . . . . . . . . . . 1 1 1 . . . . . . . . . . Construction Impeded 3 | . . . . . . . . . . . . . . . . . . 1 . . . . . . . . . 1 . 1 Haulers Reinforced 2 | . . . . . . . . . . . . . . . . . . 1 . . . . . . . . . . . 1 Active Scanning Responses . | . . . . . . . . . . . . . . . . . . . . . . . . . . . . . . . Cargo Convoy Interrupts . | . . . . . . . . . . . . . . . . . . . . . . . . . . . . . . . Stealth | -11 -10 -10 -10 -9 -8 -7 -7 -7 -7 -6 -6 -6 -6 -6 -5 -5 -5 -5 -5 -5 -5 -5 -4 -4 -4 -4 -3 -3 -2 -1 --------- Run | Yrd Mat Min Exi Min Mat Fac Low Low Zio Pro Fac Low Low Dat Pro Fac Was Fac Ext Cet Arc Hub Fac Upp Upp War Pro Res Res Acc Distress Signals 28 | . . . . . 1 . . . . . . . . . . . . . 2 2 . 1 . . . . . 5 8 9 Communications Jammed 24 | . . . . . . . . . . . . . . . . . . 24 . . . . . . . . . . . . Distress Signals 24 | . . . . . . . . . . . . . . . . . . 24 . . . . . . . . . . . . Times Spotted 366 | . 12 6 . 15 8 9 . 6 . 7 10 4 1 . 5 . 5 18 31 13 7 14 41 7 5 38 5 8 10 81 Peak Tracking Total 15 | . 3 4 . 4 3 4 . 4 . 4 3 2 1 . 2 . 3 5 5 5 2 4 7 4 4 15 3 2 4 15 Tactical Retreats 34 | . . 1 . . 1 . . 1 . 1 1 . . . . . . 4 6 . . . 1 1 3 5 . . . 9 Traps | -11 -10 -10 -10 -9 -8 -7 -7 -7 -7 -6 -6 -6 -6 -6 -5 -5 -5 -5 -5 -5 -5 -5 -4 -4 -4 -4 -3 -3 -2 -1 ------- Run | Yrd Mat Min Exi Min Mat Fac Low Low Zio Pro Fac Low Low Dat Pro Fac Was Fac Ext Cet Arc Hub Fac Upp Upp War Pro Res Res Acc Traps Triggered 7 | . . . . . . 2 . . . . 1 . . . . 1 . . . . . . . . . . . . . 3 Indirectly . | . . . . . . . . . . . . . . . . . . . . . . . . . . . . . . . Trap Hack Attempts . | . . . . . . . . . . . . . . . . . . . . . . . . . . . . . . . Triggered . | . . . . . . . . . . . . . . . . . . . . . . . . . . . . . . . Disarmed 6 | . . . . . . . . . . . . . . . . . . . . . . 6 . . . . . . . . Reprogrammed . | . . . . . . . . . . . . . . . . . . . . . . . . . . . . . . . Reused . | . . . . . . . . . . . . . . . . . . . . . . . . . . . . . . . Traps Extracted . | . . . . . . . . . . . . . . . . . . . . . . . . . . . . . . . Installed . | . . . . . . . . . . . . . . . . . . . . . . . . . . . . . . . Triggered 14 | . . . . . . . . . . . . . 1 . . . . . . . . . . 1 . 12 . . . . Machines | -11 -10 -10 -10 -9 -8 -7 -7 -7 -7 -6 -6 -6 -6 -6 -5 -5 -5 -5 -5 -5 -5 -5 -4 -4 -4 -4 -3 -3 -2 -1 ---------- Run | Yrd Mat Min Exi Min Mat Fac Low Low Zio Pro Fac Low Low Dat Pro Fac Was Fac Ext Cet Arc Hub Fac Upp Upp War Pro Res Res Acc Machines Disabled 28 | . . . . 3 . 2 . . . . . 1 . . . . . 3 1 . 2 3 8 . . . . . 1 4 Max in Single Turn 2 | . . . . 2 . 1 . . . . . 1 . . . . . 1 1 . 1 1 2 . . . . . 1 1 Garrison Access 8 | . . . . . . 1 . . . . 1 . . . . 1 . 1 . . . 1 1 . . . . 1 1 . Network Hub 1 | . . . . . . . . . . . . . . . . . . . . . . 1 . . . . . . . . Energy Cycler 1 | . . . . . . . . . . . . . . . . . . . . . . . . . . . . . . 1 Machines Repaired . | . . . . . . . . . . . . . . . . . . . . . . . . . . . . . . . Machines Dismantled . | . . . . . . . . . . . . . . . . . . . . . . . . . . . . . . . Machines Sabotaged 1 | . . . . . . . . . . . . . . . . . . . . . . 1 . . . . . . . . Overloaded Fab Kills . | . . . . . . . . . . . . . . . . . . . . . . . . . . . . . . . Hacking | -11 -10 -10 -10 -9 -8 -7 -7 -7 -7 -6 -6 -6 -6 -6 -5 -5 -5 -5 -5 -5 -5 -5 -4 -4 -4 -4 -3 -3 -2 -1 --------- Run | Yrd Mat Min Exi Min Mat Fac Low Low Zio Pro Fac Low Low Dat Pro Fac Was Fac Ext Cet Arc Hub Fac Upp Upp War Pro Res Res Acc Machines Accessed 84 | . 4 . 2 . 6 9 1 2 . . 10 1 1 3 . 2 . 3 3 3 1 6 11 1 1 6 1 2 1 4 Terminals 41 | . 3 . . . 5 3 . . . . 6 . . . . 1 . 2 3 3 . 5 5 . . . 1 1 . 3 Fabricators 4 | . . . . . . 2 . . . . 1 . . . . . . . . . . . 1 . . . . . . . Repair Stations 5 | . . . . . 1 1 . . . . . . . . . . . . . . . . 3 . . . . . . . Recycling Units 4 | . 1 . . . . 1 . . . . 1 . . . . . . . . . . . . . . . . . . 1 Scanalyzers 3 | . . . . . . 1 . . . . 1 . . . . . . . . . . . 1 . . . . . . . Garrison Access 8 | . . . . . . 1 . . . . 1 . . . . 1 . 1 . . . 1 1 . . . . 1 1 . Total Hacks 320 | . 14 . 5 . 31 27 1 5 . . 29 1 1 24 . 5 . 8 5 5 25 22 62 1 1 18 1 6 4 19 Successful 213 | . 7 . 5 . 17 20 1 5 . . 14 1 1 24 . 1 . 1 4 3 25 15 35 1 1 18 1 3 1 9 Failed 107 | . 7 . . . 14 7 . . . . 15 . . . . 4 . 7 1 2 . 7 27 . . . . 3 3 10 Catastrophic 15 | . . . . . 1 . . . . . 4 . . . . 1 . 3 1 . . 1 3 . . . . . 1 . Database Lockouts . | . . . . . . . . . . . . . . . . . . . . . . . . . . . . . . . Manual 85 | . 5 . 1 . 15 9 . . . . 14 . . . . 2 . 3 5 2 . 7 15 . . 1 . 2 . 4 Terminals 156 | . 11 . . . 27 8 . . . . 21 . . . . 2 . 6 5 5 . 20 31 . . . 1 4 . 15 Fabricators 11 | . . . . . . 4 . . . . 2 . . . . . . . . . . . 5 . . . . . . . Repair Stations 31 | . . . . . 4 10 . . . . . . . . . . . . . . . . 17 . . . . . . . Recycling Units 13 | . 3 . . . . 3 . . . . 3 . . . . . . . . . . . . . . . . . . 4 Scanalyzers 6 | . . . . . . 1 . . . . 1 . . . . . . . . . . . 4 . . . . . . . Garrison Access 21 | . . . . . . 1 . . . . 2 . . . . 3 . 2 . . . 2 5 . . . . 2 4 . Terminal Hacks 130 | . 2 . 5 . 9 1 1 5 . . 4 1 1 24 . . . 1 2 3 25 9 10 1 1 18 1 1 . 5 Record 54 | . . . 4 . . . . 4 . . . 1 . 6 . . . . . 3 25 . . . . 10 1 . . . Part Schematic 10 | . . . . . . . . . . . . . . 10 . . . . . . . . . . . . . . . . Robot Schematic 5 | . . . . . . . . . . . . . . 5 . . . . . . . . . . . . . . . . Robot Analysis 4 | . 1 . . . 1 . . . . . 1 . . . . . . . . . . . 1 . . . . . . . Prototype ID Bank 10 | . . . . . 1 . . . . . . . . 3 . . . . . . . . . . . 6 . . . . Open Door 7 | . . . . . . . 1 1 . . . . 1 . . . . . . . . . . 1 1 2 . . . . Level Access Points 2 | . . . . . 1 . . . . . . . . . . . . . . . . 1 . . . . . . . . Branch Access Points 2 | . . . . . . . . . . . . . . . . . . . . . . 1 1 . . . . . . . Emergency Access Points 2 | . . . . . . . . . . . . . . . . . . . . . . 1 1 . . . . . . . Terminal Index 3 | . . . . . . . . . . . . . . . . . . . . . . 1 1 . . . . . . 1 Alert Level 10 | . . . . . 1 . . . . . . . . . . . . 1 1 . . 2 2 . . . . 1 . 2 Unreport Threat 3 | . . . . . . . . . . . . . . . . . . . . . . . 2 . . . . . . 1 Locate Traps 7 | . 1 . . . 2 1 . . . . 1 . . . . . . . . . . 2 . . . . . . . . Disarm Traps 1 | . . . . . . . . . . . . . . . . . . . . . . 1 . . . . . . . . Transport Status 1 | . . . . . 1 . . . . . . . . . . . . . . . . . . . . . . . . . Hauler Manifests 1 | . . . . . 1 . . . . . . . . . . . . . . . . . . . . . . . . . Registered Components 1 | . . . . . . . . . . . . . . . . . . . . . . . 1 . . . . . . . Zone Layout 6 | . . . . . 1 . . . . . 2 . . . . . . . 1 . . . 1 . . . . . . 1 Derelict Proto ID Bank 1 | . . . 1 . . . . . . . . . . . . . . . . . . . . . . . . . . . Fabricator Hacks 6 | . . . . . . 2 . . . . 1 . . . . . . . . . . . 3 . . . . . . . Network Status 4 | . . . . . . 2 . . . . 1 . . . . . . . . . . . 1 . . . . . . . Load Schematic 1 | . . . . . . . . . . . . . . . . . . . . . . . 1 . . . . . . . Build 1 | . . . . . . . . . . . . . . . . . . . . . . . 1 . . . . . . . Repair Station Hacks 26 | . . . . . 4 10 . . . . . . . . . . . . . . . . 12 . . . . . . . Scan Component 13 | . . . . . 2 5 . . . . . . . . . . . . . . . . 6 . . . . . . . Repair 13 | . . . . . 2 5 . . . . . . . . . . . . . . . . 6 . . . . . . . Recycling Unit Hacks 7 | . 2 . . . . 1 . . . . 2 . . . . . . . . . . . . . . . . . . 2 Process 1 | . . . . . . . . . . . . . . . . . . . . . . . . . . . . . . 1 Report Inventory 3 | . 1 . . . . 1 . . . . 1 . . . . . . . . . . . . . . . . . . . Retrieve Matter 1 | . . . . . . . . . . . . . . . . . . . . . . . . . . . . . . 1 Retrieve Components 2 | . 1 . . . . . . . . . 1 . . . . . . . . . . . . . . . . . . . Scanalyzer 4 | . . . . . . . . . . . . . . . . . . . . . . . 4 . . . . . . . Insert Component 4 | . . . . . . . . . . . . . . . . . . . . . . . 4 . . . . . . . Garrison Access Hacks 7 | . . . . . . 1 . . . . 1 . . . . 1 . . . . . 1 1 . . . . 1 1 . Seal Access 7 | . . . . . . 1 . . . . 1 . . . . 1 . . . . . 1 1 . . . . 1 1 . Unauthorized Hacks 33 | . 3 . . . 4 5 . . . . 6 . . . . . . . 2 . . 5 5 . . . . 1 . 2 Terminals 27 | . 2 . . . 4 3 . . . . 4 . . . . . . . 2 . . 5 4 . . . . 1 . 2 Botnet 19 | . 1 . . . 3 3 . . . . 3 . . . . . . . 1 . . 3 3 . . . . 1 . 1 Disrupt 2 | . . . . . . . . . . . . . . . . . . . . . . . 1 . . . . . . 1 Operators 4 | . 1 . . . 1 . . . . . 1 . . . . . . . 1 . . . . . . . . . . . Sabotage 2 | . . . . . . . . . . . . . . . . . . . . . . 2 . . . . . . . . Fabricators 2 | . . . . . . 1 . . . . 1 . . . . . . . . . . . . . . . . . . . Fabnet 1 | . . . . . . . . . . . 1 . . . . . . . . . . . . . . . . . . . Haulers 1 | . . . . . . 1 . . . . . . . . . . . . . . . . . . . . . . . . Repair Stations 1 | . . . . . . . . . . . . . . . . . . . . . . . 1 . . . . . . . Mechanics 1 | . . . . . . . . . . . . . . . . . . . . . . . 1 . . . . . . . Recycling Units 3 | . 1 . . . . 1 . . . . 1 . . . . . . . . . . . . . . . . . . . Recyclers 1 | . . . . . . . . . . . 1 . . . . . . . . . . . . . . . . . . . Tunnel 2 | . 1 . . . . 1 . . . . . . . . . . . . . . . . . . . . . . . . Scanalyzers . | . . . . . . . . . . . . . . . . . . . . . . . . . . . . . . . Garrison Access . | . . . . . . . . . . . . . . . . . . . . . . . . . . . . . . . Data Cores Recovered . | . . . . . . . . . . . . . . . . . . . . . . . . . . . . . . . Used . | . . . . . . . . . . . . . . . . . . . . . . . . . . . . . . . Hacking Detections 52 | . 2 . . . 6 6 . . . . 9 . . . . 2 . 3 1 4 . 5 8 . . . . 1 1 4 Full Trace Events 10 | . 1 . . . . 1 . . . . 1 . . . . . . 2 . 1 . . 3 . . . . . . 1 Feedback Events . | . . . . . . . . . . . . . . . . . . . . . . . . . . . . . . . Feedback Blocked . | . . . . . . . . . . . . . . . . . . . . . . . . . . . . . . . Robot Schematics Acquired 5 | . . . . . . . . . . . . . . 5 . . . . . . . . . . . . . . . . Robots Built . | . . . . . . . . . . . . . . . . . . . . . . . . . . . . . . . Authchips . | . . . . . . . . . . . . . . . . . . . . . . . . . . . . . . . Time . | . . . . . . . . . . . . . . . . . . . . . . . . . . . . . . . Total Robot Build Rating . | . . . . . . . . . . . . . . . . . . . . . . . . . . . . . . . Part Schematics Acquired 10 | . . . . . . . . . . . . . . 10 . . . . . . . . . . . . . . . . Parts Built . | . . . . . . . . . . . . . . . . . . . . . . . . . . . . . . . Authchips . | . . . . . . . . . . . . . . . . . . . . . . . . . . . . . . . Time 152 | . . . . . . . . . . . . . . . . . . . . . . . 152 . . . . . . . Total Part Build Rating . | . . . . . . . . . . . . . . . . . . . . . . . . . . . . . . . Parts Repaired 13 | . . . . . 2 5 . . . . . . . . . . . . . . . . 6 . . . . . . . Time 546 | . . . . . 58 218 . . . . . . . . . . . . . . . . 270 . . . . . . . Parts Recycled . | . . . . . . . . . . . . . . . . . . . . . . . . . . . . . . . Recycled Matter 464 | . . . . . . . . . . . . . . . . . . . . . . . . . . . . . . 464 Retrieved Matter . | . . . . . . . . . . . . . . . . . . . . . . . . . . . . . . . Retrieved Components 12 | . 2 . . . . . . . . . 10 . . . . . . . . . . . . . . . . . . . Parts Scanalyzed . | . . . . . . . . . . . . . . . . . . . . . . . . . . . . . . . Part Schematics Acquired . | . . . . . . . . . . . . . . . . . . . . . . . . . . . . . . . Parts Damaged . | . . . . . . . . . . . . . . . . . . . . . . . . . . . . . . . Bothacking | -11 -10 -10 -10 -9 -8 -7 -7 -7 -7 -6 -6 -6 -6 -6 -5 -5 -5 -5 -5 -5 -5 -5 -4 -4 -4 -4 -3 -3 -2 -1 ------------ Run | Yrd Mat Min Exi Min Mat Fac Low Low Zio Pro Fac Low Low Dat Pro Fac Was Fac Ext Cet Arc Hub Fac Upp Upp War Pro Res Res Acc Used RIF Installer . | . . . . . . . . . . . . . . . . . . . . . . . . . . . . . . . Robots Hacked 1 | . . . . . . . . . . . . . . . . . . . . . . . . . . 1 . . . . Non-combat . | . . . . . . . . . . . . . . . . . . . . . . . . . . . . . . . Combat 1 | . . . . . . . . . . . . . . . . . . . . . . . . . . 1 . . . . Robot Hacks Applied . | . . . . . . . . . . . . . . . . . . . . . . . . . . . . . . . Relay Couplers Released 8 | . . . . . . . . . . . . . . . . . . 4 . . . . . . . . . . . 4 Machine Destruction 4 | . . . . . . . . . . . . . . . . . . 4 . . . . . . . . . . . . Programmers 4 | . . . . . . . . . . . . . . . . . . . . . . . . . . . . . . 4 Fabnet Peak Effective % 3 | . . . . . . . . . . . . . . . 3 3 3 3 3 3 3 3 1 1 1 1 . . . . Autooverrided 1 | . . . . . . . . . . . . . . . . . . . . . . . . . . 1 . . . . Robots Rewired 14 | . . . . . . . . . . . . . . . . . . . 14 . . . . . . . . . . . Allies Hacked 1 | . . . . . . 1 . . . . . . . . . . . . . . . . . . . . . . . . Hacks Repelled . | . . . . . . . . . . . . . . . . . . . . . . . . . . . . . . . Allies | -11 -10 -10 -10 -9 -8 -7 -7 -7 -7 -6 -6 -6 -6 -6 -5 -5 -5 -5 -5 -5 -5 -5 -4 -4 -4 -4 -3 -3 -2 -1 -------- Run | Yrd Mat Min Exi Min Mat Fac Low Low Zio Pro Fac Low Low Dat Pro Fac Was Fac Ext Cet Arc Hub Fac Upp Upp War Pro Res Res Acc Total Allies 57 | . . . . . . 3 . . 9 . . . . . . . 20 . 19 5 . . . . . 1 . . . . Largest Group 19 | . . . . . . 3 . . 9 9 6 . . . . . 19 10 8 5 4 3 . . . . . . . . Highest-Rated Group 702 | . . . . . . 93 . . 206 206 133 . . . . . 702 433 275 520 417 281 . . . . . . . . Highest-Rated Ally 159 | . . . . . . 31 . . 31 31 28 . . . . . 50 50 159 152 136 96 . . . . . . . . Total Orders . | . . . . . . . . . . . . . . . . . . . . . . . . . . . . . . . Ally Attacks 366 | . . . . . . 20 . . . 26 9 . . . . . 85 37 107 51 21 10 . . . . . . . . Total Damage 11776 | . . . . . . 198 . . . 441 218 . . . . . 3748 1757 2895 1450 777 292 . . . . . . . . Kills 48 | . . . . . . . . . . 5 1 . . . . . 6 9 16 7 3 1 . . . . . . . . Allies Corrupted 4 | . . . . . . 1 . . . . . . . . . . . 3 . . . . . . . . . . . . Allies Melted 5 | . . . . . . 1 . . . 1 . . . . . . . . 3 . . . . . . . . . . . Intel | -11 -10 -10 -10 -9 -8 -7 -7 -7 -7 -6 -6 -6 -6 -6 -5 -5 -5 -5 -5 -5 -5 -5 -4 -4 -4 -4 -3 -3 -2 -1 ------- Run | Yrd Mat Min Exi Min Mat Fac Low Low Zio Pro Fac Low Low Dat Pro Fac Was Fac Ext Cet Arc Hub Fac Upp Upp War Pro Res Res Acc Robot Analysis Total 4 | . 1 . . . 1 . . . . . 1 . . . . . . . . . . . 1 . . . . . . . Derelict Logs Recovered 16 | . . 1 . . . . 3 2 1 1 . 1 1 . 2 . . . . . . . . 2 2 . . . . . Drone Launches . | . . . . . . . . . . . . . . . . . . . . . . . . . . . . . . . Drone Recoveries . | . . . . . . . . . . . . . . . . . . . . . . . . . . . . . . . Exploration | -11 -10 -10 -10 -9 -8 -7 -7 -7 -7 -6 -6 -6 -6 -6 -5 -5 -5 -5 -5 -5 -5 -5 -4 -4 -4 -4 -3 -3 -2 -1 ------------- Run | Yrd Mat Min Exi Min Mat Fac Low Low Zio Pro Fac Low Low Dat Pro Fac Was Fac Ext Cet Arc Hub Fac Upp Upp War Pro Res Res Acc Turns Passed 38286 | 137 546 348 366 958 1191 1860 1729 1618 1195 608 1871 1696 2641 216 1265 126 312 1705 1928 911 825 1397 3227 883 2254 1826 944 482 1414 1807 Spaces Moved 18194 | 72 247 190 228 276 570 891 936 907 785 353 908 766 1144 81 416 70 164 773 933 351 316 624 1347 433 1026 1062 487 207 847 784 Core 41 | 2 . . . . . . . . . . . . . . . . . . . . . . 3 . . . . . . 36 Treads 17328 | 70 247 190 228 276 570 891 936 907 785 353 908 766 1144 81 416 70 164 773 933 351 316 624 834 121 1026 1062 487 207 847 745 Legs . | . . . . . . . . . . . . . . . . . . . . . . . . . . . . . . . Wheels . | . . . . . . . . . . . . . . . . . . . . . . . . . . . . . . . Hover 825 | . . . . . . . . . . . . . . . . . . . . . . . 510 312 . . . . . 3 Flight . | . . . . . . . . . . . . . . . . . . . . . . . . . . . . . . . Fastest Speed 50 | 50 160 160 160 160 160 145 145 145 145 145 145 160 160 160 160 160 160 160 160 160 160 160 104 108 160 160 152 152 145 50 Average Speed 155 | 156 160 160 160 160 160 156 145 145 145 147 153 160 160 160 160 160 160 160 160 183 163 160 160 122 160 160 156 160 146 150 Slowest Speed 700 | 160 160 160 160 160 160 225 145 145 145 225 225 160 160 160 160 160 160 160 160 240 240 160 700 160 160 160 160 225 152 600 Overloaded Moves . | . . . . . . . . . . . . . . . . . . . . . . . . . . . . . . . Propulsion Burnouts . | . . . . . . . . . . . . . . . . . . . . . . . . . . . . . . . Robots Hopped . | . . . . . . . . . . . . . . . . . . . . . . . . . . . . . . . Cave-ins Triggered 2 | . . . . . . . . . . . . . . . . . . . . . . . 1 . 1 . . . . . Exploration Rate (%) 56 | 5 41 46 61 24 42 25 94 89 86 57 26 94 93 68 66 2 81 26 91 69 97 56 29 63 88 94 79 8 35 21 Regions Visited 30 Branch Regions 19 Pre-discovered Areas 7 | . 1 1 1 . . 1 . . 2 . . . . 1 . . . . . . . . . . . . . . . . Known Exits Taken 23 | . . . . . 1 1 1 1 1 1 1 1 1 1 1 . . 1 1 1 1 1 1 1 1 1 1 1 1 . Unknown Exits Taken 5 | 1 1 1 1 1 . . . . . . . . . . . . . . . . . . . . . . . . . . Scrap Searched 26 | . . 1 . 1 . . 1 4 4 3 . 3 3 . . . . . . . . . . 1 2 . 3 . . . Spaces Dug 265 | . . . . . 8 20 21 8 2 24 18 10 13 . 41 1 1 18 . . . 16 30 5 9 . . 5 1 14 Terrain Destroyed 583 | . . . . . 8 20 21 45 2 42 18 10 15 . 46 1 5 33 7 6 3 24 90 10 13 8 5 6 27 118 Melee 220 | . . . . . 8 20 21 8 2 5 18 10 13 . 15 1 1 18 . . . 16 30 5 9 . . 5 1 14 Projectile 184 | . . . . . . . . . . . . . 2 . 5 . 4 6 7 6 3 8 22 4 4 8 5 1 26 73 AOE 178 | . . . . . . . . 37 . 37 . . . . 26 . . 9 . . . . 38 . . . . . . 31 Terrain Rammed . | . . . . . . . . . . . . . . . . . . . . . . . . . . . . . . . Walls Destroyed . | . . . . . . . . . . . . . . . . . . . . . . . . . . . . . . . Machines Disabled . | . . . . . . . . . . . . . . . . . . . . . . . . . . . . . . . Actions | -11 -10 -10 -10 -9 -8 -7 -7 -7 -7 -6 -6 -6 -6 -6 -5 -5 -5 -5 -5 -5 -5 -5 -4 -4 -4 -4 -3 -3 -2 -1 --------- Run | Yrd Mat Min Exi Min Mat Fac Low Low Zio Pro Fac Low Low Dat Pro Fac Was Fac Ext Cet Arc Hub Fac Upp Upp War Pro Res Res Acc Total 26455 | 85 335 215 230 744 803 1281 1287 1194 832 416 1311 1185 1935 168 982 83 190 1095 1264 555 603 949 2171 752 1607 1150 640 313 965 1115 Wait 6527 | 1 45 13 . 426 168 287 328 267 25 40 329 380 768 88 535 5 1 189 164 144 248 266 569 286 556 27 130 63 50 129 Move 18165 | 71 246 189 227 275 569 890 935 906 784 352 907 765 1143 80 415 70 163 772 932 350 315 623 1346 432 1025 1061 486 206 846 784 Hop . | . . . . . . . . . . . . . . . . . . . . . . . . . . . . . . . Pick Up 92 | 2 6 1 2 . 7 8 1 1 1 . 2 . 2 . . 1 3 7 6 3 2 3 11 2 1 6 . 2 9 3 Fast Attach 150 | 7 . . . . 3 7 . . 5 . 2 . . . 1 . 3 10 6 3 10 4 29 4 2 16 1 8 8 21 Attach 54 | . . . . . 3 1 . . . . 1 1 . . . 2 1 3 4 . 2 . 15 3 2 4 . 2 3 7 Detach 27 | . . . . . 1 1 . . . . 1 . . . . . . 1 1 . 3 . 9 1 . 2 1 3 1 2 Swap 269 | . 4 2 . 15 17 22 1 7 6 12 21 11 6 . 7 3 3 24 16 6 . 8 40 2 4 4 2 2 7 17 Drop 156 | . 3 . 1 5 10 13 1 1 7 . 6 . 1 . 1 1 5 12 7 7 6 3 20 6 2 10 1 5 14 8 Fire 616 | 4 31 10 . 23 16 24 . 4 . 7 20 16 2 . 8 . 10 56 50 17 5 24 82 10 4 20 19 14 23 117 Melee 321 | . . . . . 9 28 21 8 4 5 22 12 13 . 15 1 1 21 . 25 12 18 50 6 11 . . 8 4 27 Ram . | . . . . . . . . . . . . . . . . . . . . . . . . . . . . . . . Kick . | . . . . . . . . . . . . . . . . . . . . . . . . . . . . . . . Crush . | . . . . . . . . . . . . . . . . . . . . . . . . . . . . . . . Escape Stasis 4 | . . . . . . . . . . . . . . . . . . . 4 . . . . . . . . . . . Rewire 74 | . . . . . . . . . . . . . . . . . . . 74 . . . . . . . . . . . Trap . | . . . . . . . . . . . . . . . . . . . . . . . . . . . . . . . Miscellaneous . | . . . . . . . . . . . . . . . . . . . . . . . . . . . . . . . Route ------- -11/Scrapyard -10/Materials (discovered 2 exits: [*Mat] / [*Min]) -10/Mines -10/Exiles -9/Mines -8/Materials (discovered 4 exits: *Fac x3 / [*Sto]) -7/Factory (discovered 2 exits: *Fac / *Low) -7/Lower Caves -7/Lower Caves (discovered 2 exits: *Fac / *Zio) -7/Zion -6/Proximity Caves -6/Factory (discovered 2 exits: *Fac / *Low) -6/Lower Caves -6/Lower Caves (discovered 2 exits: *Fac / *Dat) -6/Data Miner -5/Proximity Caves -5/Factory -5/Waste -5/Factory (discovered 2 exits: *Fac / *Ext) -5/Extension (discovered 3 exits: *Fac x2 / *Cet) -5/Cetus (discovered 2 exits: *Fac / *Arc) -5/Archives (discovered 3 exits: *Fac / *Hub x2) -5/Hub_04(d) (discovered 4 exits: *Fac x4) -4/Factory (discovered 4 exits: *Res / *Upp x2 / Arm) -4/Upper Caves -4/Upper Caves (discovered 2 exits: *Res / *War) -4/Warlord -3/Proximity Caves -3/Research (discovered 3 exits: *Res / Tes x2) -2/Research (discovered 3 exits: *Acc / *Qua x2) -1/Access History --------- Turn | Location | Event 21 | -11/Scrapyard | Discovered new exit (range 16) 138 | -11/Scrapyard | Entered Materials 305 | -10/Materials | Build established: Mutant 362 | -10/Materials | Discovered new exit (range 8) 594 | -10/Materials | Discovered new exit (range 15) 684 | -10/Materials | Entered Mines 903 | -10/Mines | Learned location of Zion (-7) 1025 | -10/Mines | Deemed a non-threat by the Exiles lab entrance 1025 | -10/Mines | Discovered new exit (range 5) 1032 | -10/Mines | Entered Exiles 1072 | -10/Exiles | Met 8R-AWN 1100 | -10/Exiles | Met EX-HEX 1141 | -10/Exiles | Met EX-BIN 1160 | -10/Exiles | Aligned with FarCom system 1162 | -10/Exiles | Given EX-Vault access code 1199 | -10/Exiles | Opened EX-Vault 1207 | -10/Exiles | Found Longsword +1 1240 | -10/Exiles | Warned to stay clear of 0b10 Research branches 1265 | -10/Exiles | Exiles lab attacked by MAIN.C 1385 | -10/Exiles | Discovered new exit (range 10) 1398 | -10/Exiles | Left Exiles lab with Longsword +1 1398 | -10/Exiles | Entered Mines 1962 | -9/Mines | Build established: Skirmisher 2347 | -9/Mines | Discovered new exit (range 8) 2356 | -9/Mines | Entered Materials 2356 | -8/Materials | Evolved 4 slots: Utility x3, Weapon x1 2615 | -8/Materials | Build established: Scavenger-Skirmisher 2911 | -8/Materials | Identified exit to Factory 3315 | -8/Materials | Build established: Assassin 3402 | -8/Materials | Discovered new exit (range 13) 3508 | -8/Materials | Repaired Hvy. Assault Rifle 3536 | -8/Materials | Repaired Lgt. Armor Plating 3547 | -8/Materials | Entered Factory 3547 | -7/Factory | Evolved 2 slots: Utility x2 3785 | -7/Factory | Allied Derelicts emerged from ambush trap array 4033 | -7/Factory | Discovered new exit (range 7) 4043 | -7/Factory | Identified exit to Factory 4048 | -7/Factory | Found Powered Armor 4359 | -7/Factory | Build established: Scavenger-Assassin 5045 | -7/Factory | Discovered new exit (range 8) 5063 | -7/Factory | Identified exit to Lower Caves 5189 | -7/Factory | Repaired Gauss Rifle 5235 | -7/Factory | Repaired Powered Armor 5296 | -7/Factory | Repaired Adv. Beam Rifle 5336 | -7/Factory | Repaired Adv. Treads 5370 | -7/Factory | Repaired Hvy. Assault Rifle 5407 | -7/Factory | Entered Lower Caves 5500 | -7/Lower Caves | Learned Factory emergency access door positions 5716 | -7/Lower Caves | Build established: Assassin 6084 | -7/Lower Caves | Identified exit to Lower Caves 6090 | -7/Lower Caves | Learned Factory garrison access intel 7136 | -7/Lower Caves | Entered another Lower Caves area 7142 | -7/Lower Caves | Learned Factory emergency access door positions 7168 | -7/Lower Caves | Discovered exit to Factory (range 15) 7656 | -7/Lower Caves | Learned 4 Factory zone layouts 7703 | -7/Lower Caves | Learned location of 1 exit from Research 7703 | -7/Lower Caves | Learned Extension terminal intel 7703 | -7/Lower Caves | Learned Armory terminal intel 8432 | -7/Lower Caves | Discovered new exit (range 16) 8455 | -7/Lower Caves | Identified exit to Zion 8754 | -7/Lower Caves | Entered Zion 8809 | -7/Zion | Found CR-A16's Pointy Stick 9131 | -7/Zion | Visited the Megawrench Repair Shop 9134 | -7/Zion | Megawrench repaired 8 parts 9364 | -7/Zion | Given the Hacking Drone Bay 9437 | -7/Zion | Rebuked by Imprinter 9695 | -7/Zion | Gained Derelict followers 9718 | -7/Zion | Gained Derelict followers 9762 | -7/Zion | Gained Derelict followers 9920 | -7/Zion | Discovered new exit (range 10) 9933 | -7/Zion | Identified exit to Proximity Caves 9949 | -7/Zion | Entered Proximity Caves 9949 | -6/Proximity Caves | Accompanied by 9 allies 10030 | -6/Proximity Caves | Learned Factory interactive machine intel 10444 | -6/Proximity Caves | Lost 3 allies 10540 | -6/Proximity Caves | Discovered exit to Factory (range 4) 10557 | -6/Proximity Caves | Entered Factory 10557 | -6/Factory | Accompanied by 6 allies 10557 | -6/Factory | Evolved 2 slots: Utility x2 10558 | -6/Factory | Identified exit to Factory 10560 | -6/Factory | Loaded intel: 52 interactive machine locations 10561 | -6/Factory | Loaded intel: 4 garrison access locations 10684 | -6/Factory | Lost 3 allies 12326 | -6/Factory | Discovered new exit (range 12) 12341 | -6/Factory | Identified exit to Lower Caves 12428 | -6/Factory | Entered Lower Caves 12460 | -6/Lower Caves | Spotted B-75 Beast 13113 | -6/Lower Caves | Learned Factory emergency access door positions 13872 | -6/Lower Caves | Discovered new exit (range 2) 13873 | -6/Lower Caves | Identified exit to Lower Caves 14124 | -6/Lower Caves | Entered another Lower Caves area 14231 | -6/Lower Caves | Discovered exit to Factory (range 16) 14687 | -6/Lower Caves | Learned location of 1 exit from Proximity Caves 15030 | -6/Lower Caves | Encountered a Warlord checkpoint 15322 | -6/Lower Caves | Spotted B-75 Beast 15988 | -6/Lower Caves | Discovered new exit (range 14) 16027 | -6/Lower Caves | Identified exit to Data Miner 16765 | -6/Lower Caves | Entered Data Miner 16765 | -6/Data Miner | Discovered new exit (range 6) 16796 | -6/Data Miner | Met Data Miner 16823 | -6/Data Miner | Learned location of Section 7 (-2) 16823 | -6/Data Miner | Acquired the access code to Warlord's prototype stash 16847 | -6/Data Miner | Received God Mode back door access code from Data Miner 16882 | -6/Data Miner | Identified exit to Proximity Caves 16981 | -6/Data Miner | Entered Proximity Caves 18008 | -5/Proximity Caves | Spotted B-75 Beast 18106 | -5/Proximity Caves | Attracted the attention of an 0b10 checkpoint 18225 | -5/Proximity Caves | Learned Factory garrison access intel 18246 | -5/Proximity Caves | Entered Factory 18246 | -5/Factory | Evolved 2 slots: Propulsion x1, Utility x1 18248 | -5/Factory | Loaded intel: 4 garrison access locations 18372 | -5/Factory | Sucked down chute 18372 | -5/Factory | Entered Waste 18373 | -5/Waste | Met a frightened Derelict 18387 | -5/Waste | EMP discharged 18392 | -5/Waste | Spotted C-40 Crusher 18423 | -5/Waste | Spotted C-40 Crusher 18438 | -5/Waste | Met Warlord forces unprepared to attack 18450 | -5/Waste | Spotted C-40 Crusher 18450 | -5/Waste | Allies destroyed C-40 Crusher 18455 | -5/Waste | Allies destroyed C-40 Crusher 18461 | -5/Waste | Allies destroyed C-40 Crusher 18487 | -5/Waste | EMP discharged 18487 | -5/Waste | System corruption reached 10% 18551 | -5/Waste | Spotted C-40 Crusher 18563 | -5/Waste | Allies destroyed C-40 Crusher 18587 | -5/Waste | EMP discharged 18590 | -5/Waste | Spotted C-40 Crusher 18596 | -5/Waste | Allies destroyed C-40 Crusher 18629 | -5/Waste | Spotted C-40 Crusher 18632 | -5/Waste | Allies destroyed C-40 Crusher 18660 | -5/Waste | Discovered new exit (range 16) 18682 | -5/Waste | Identified exit to Factory 18684 | -5/Waste | Entered Factory 18684 | -5/Factory | Accompanied by 10 allies 18733 | -5/Factory | Discovered new exit (range 16) 18754 | -5/Factory | Identified exit to Factory 19033 | -5/Factory | Build established: Scavenger-Assassin 19189 | -5/Factory | Lost 7 allies 19308 | -5/Factory | Spotted B-75 Beast 19447 | -5/Factory | Destroyed B-75 Beast 19574 | -5/Factory | Incoming investigation squad redirected 20202 | -5/Factory | Discovered new exit (range 18) 20387 | -5/Factory | Identified exit to Extension 20389 | -5/Factory | Entered Extension 20390 | -5/Extension | Loaded intel: 13 terminal locations 20453 | -5/Extension | Rescued a captive Derelict 20463 | -5/Extension | Rescued a captive Derelict 20490 | -5/Extension | Incoming investigation squad redirected 20527 | -5/Extension | Rescued a captive Derelict 20561 | -5/Extension | Rescued a captive Derelict 20706 | -5/Extension | Lost 3 allies 20775 | -5/Extension | Lost 3 allies 20948 | -5/Extension | Rescued A7 21184 | -5/Extension | Spotted B-75 Beast 21232 | -5/Extension | Build established: Scavenger-Gunner 21614 | -5/Extension | Destroyed B-75 Beast 21626 | -5/Extension | Spotted B-75 Beast 21651 | -5/Extension | Destroyed B-75 Beast 21691 | -5/Extension | Discovered exit to Factory (range 7) 21817 | -5/Extension | Discovered new exit (range 16) 21819 | -5/Extension | Discovered exit to Factory (range 15) 21846 | -5/Extension | Identified exit to Cetus 21981 | -5/Extension | Build established: Scavenger-Skirmisher 22317 | -5/Extension | Entered Cetus 22317 | -5/Cetus | Accompanied by 5 allies (A7) 22322 | -5/Cetus | Acquired a Cetus Manufacturing Module code from A7 22339 | -5/Cetus | Spotted Cetus Guard 22339 | -5/Cetus | Spotted Cetus Guard 22341 | -5/Cetus | Spotted Cetus Guard 22343 | -5/Cetus | Spotted Cetus Guard 22360 | -5/Cetus | Destroyed Cetus Guard 22360 | -5/Cetus | Allies destroyed Cetus Guard 22369 | -5/Cetus | Destroyed Cetus Guard 22376 | -5/Cetus | Allies destroyed Cetus Guard 22395 | -5/Cetus | Lost 4 allies 22465 | -5/Cetus | Incoming investigation squad redirected 22603 | -5/Cetus | Started Cetus Manufacturing Module 22628 | -5/Cetus | Manufactured an Enhanced Grunt 22649 | -5/Cetus | Build established: Scavenger-Gunner 22653 | -5/Cetus | Manufactured an Enhanced Grunt 22665 | -5/Cetus | Discovered new exit (range 16) 22678 | -5/Cetus | Manufactured an Enhanced Grunt 22687 | -5/Cetus | Identified exit to Archives 22703 | -5/Cetus | Manufactured an Enhanced Grunt 22726 | -5/Cetus | Spotted Cetus Guard 22727 | -5/Cetus | Spotted Cetus Guard 22728 | -5/Cetus | Manufactured an Enhanced Grunt 22731 | -5/Cetus | Spotted Cetus Guard 22736 | -5/Cetus | Spotted Cetus Guard 22742 | -5/Cetus | Allies destroyed Cetus Guard 22748 | -5/Cetus | Destroyed Cetus Guard 22751 | -5/Cetus | Destroyed Cetus Guard 22753 | -5/Cetus | Allies destroyed Cetus Guard 22766 | -5/Cetus | Discovered exit to Factory (range 15) 22780 | -5/Cetus | Met Revision 17 23067 | -5/Cetus | Security sweep announced 23228 | -5/Cetus | Entered Archives 23228 | -5/Archives | Accompanied by 4 allies (A7) 23303 | -5/Archives | Unable to access archive contents 23308 | -5/Archives | Discovered exit to Factory (range 16) 23319 | -5/Archives | Unable to access archive contents 23326 | -5/Archives | Discovered new exit (range 16) 23337 | -5/Archives | Unable to access archive contents 23353 | -5/Archives | Unable to access archive contents 23360 | -5/Archives | Discovered new exit (range 15) 23671 | -5/Archives | Build established: Scavenger-Mutant 23840 | -5/Archives | Identified exit to Hub_04(d) 24053 | -5/Archives | Entered Hub_04(d) 24053 | -5/Hub_04(d) | Accompanied by 3 allies 24165 | -5/Hub_04(d) | Build established: Scavenger-Assassin 24197 | -5/Hub_04(d) | Lost 3 allies 24954 | -5/Hub_04(d) | Network Hub disabled 25327 | -5/Hub_04(d) | Lost 3 parts (1u2w) 25450 | -5/Hub_04(d) | Entered Factory 25450 | -4/Factory | Evolved 2 slots: Power x1, Utility x1 25585 | -4/Factory | Repaired Adv. Terrain Scanner 25654 | -4/Factory | Repaired Particle Reactor 25929 | -4/Factory | Crushed by falling debris 25943 | -4/Factory | Identified exit to Upper Caves 25943 | -4/Factory | Identified exit to Armory 25960 | -4/Factory | Lost 3 parts (1n2u) 26345 | -4/Factory | Repaired Antimatter Reactor 26362 | -4/Factory | System corruption reached 10% 26546 | -4/Factory | Discovered new exit (range 15) 26626 | -4/Factory | Identified exit to Research 27176 | -4/Factory | Lost 3 parts (2u1w) 27625 | -4/Factory | Lost 7 parts (1p2n3u1w) 28096 | -4/Factory | Repaired Antimatter Reactor 28129 | -4/Factory | Repaired Neutrino Core 28162 | -4/Factory | Repaired Imp. Gyrokinetic Inverter 28677 | -4/Factory | Entered Upper Caves 28718 | -4/Upper Caves | Spotted B-86 Titan 28821 | -4/Upper Caves | Learned Research emergency access door positions 28829 | -4/Upper Caves | Learned Research security intel 29259 | -4/Upper Caves | Discovered new exit (range 12) 29557 | -4/Upper Caves | Identified exit to Upper Caves 29560 | -4/Upper Caves | Entered another Upper Caves area 29561 | -4/Upper Caves | Identified exit to Warlord 29711 | -4/Upper Caves | Discovered exit to Research (range 7) 29777 | -4/Upper Caves | Build established: Scavenger-Skirmisher 30160 | -4/Upper Caves | Build established: Scavenger-Assassin 31582 | -4/Upper Caves | Crushed by falling debris 31613 | -4/Upper Caves | Lost 3 parts (2u1w) 31814 | -4/Upper Caves | Entered Warlord 31867 | -4/Warlord | System corruption cleaned by Quarantine Array 32357 | -4/Warlord | Opened side exit 32718 | -4/Warlord | Warlord's base attacked by MAIN.C 32990 | -4/Warlord | Met Warlord 33008 | -4/Warlord | Opened Warlord's prototype stash 33016 | -4/Warlord | Found Prototype Reactor 33016 | -4/Warlord | Identified Vortex Chain Reactor 33031 | -4/Warlord | Found Prototype Device 33031 | -4/Warlord | Identified Exp. Focal Shield 33035 | -4/Warlord | Found Prototype Processor 33035 | -4/Warlord | Identified Spectral Analyzer 33068 | -4/Warlord | Warlord forces counterattacked 33345 | -4/Warlord | Spotted B-86 Titan 33377 | -4/Warlord | Spotted Executioner 33378 | -4/Warlord | Spotted B-90 Cyclops 33393 | -4/Warlord | Warlord base infiltrated, sounded retreat 33400 | -4/Warlord | Spotted Striker 33404 | -4/Warlord | Destroyed Striker 33426 | -4/Warlord | Spotted Executioner 33430 | -4/Warlord | Core integrity fell below 50% 33478 | -4/Warlord | Lost 9 parts (1n5u3w) 33499 | -4/Warlord | Spotted Striker 33501 | -4/Warlord | Spotted Executioner 33533 | -4/Warlord | Spotted Striker 33572 | -4/Warlord | Lost 3 parts (1p2u) 33619 | -4/Warlord | Discovered new exit (range 14) 33637 | -4/Warlord | Identified exit to Proximity Caves 33640 | -4/Warlord | Entered Proximity Caves 33659 | -3/Proximity Caves | Lost 6 allies 33794 | -3/Proximity Caves | Build established: Scavenger-Mutant 34481 | -3/Proximity Caves | Spotted B-86 Titan 34577 | -3/Proximity Caves | Lost 3 parts (1p1u1w) 34577 | -3/Proximity Caves | Discovered exit to Research (range 5) 34584 | -3/Proximity Caves | Entered Research 34584 | -3/Research | Evolved 2 slots: Utility x2 34585 | -3/Research | Identified exit to Testing 34586 | -3/Research | Identified exit to Research 34598 | -3/Research | Found Unknown Device 34598 | -3/Research | Identified Quantum Capacitor 34609 | -3/Research | Found Quantum Capacitor 34784 | -3/Research | Revision forces began assault on 0b10 34843 | -3/Research | Met up with Revision 17++ 34940 | -3/Research | Build established: Scavenger-Assassin 34953 | -3/Research | Lost 4 allies 35066 | -3/Research | Entered another Research area 35066 | -2/Research | Warlord forces began assault on 0b10 35066 | -2/Research | Evolved 2 slots: Propulsion x1, Utility x1 35176 | -2/Research | Research machine network offline 35481 | -2/Research | Borebot progress halted 35560 | -2/Research | Borebot progress halted 35649 | -2/Research | Met up with Warlord 35664 | -2/Research | Build established: Scavenger-Skirmisher 35665 | -2/Research | Discovered new exit (range 8) 35674 | -2/Research | Identified exit to Quarantine 35704 | -2/Research | Borebot progress halted 36128 | -2/Research | Spotted Striker 36132 | -2/Research | Destroyed Striker 36248 | -2/Research | Discovered exit to Quarantine (range 16) 36330 | -2/Research | Spotted Striker 36330 | -2/Research | Discovered new exit (range 8) 36347 | -2/Research | Destroyed Striker 36479 | -2/Research | Identified exit to Access 36480 | -2/Research | Entered Access 36480 | -1/Access | Evolved 2 slots: Utility x1, Weapon x1 36525 | -1/Access | Found Gamma Bomb Array 36671 | -1/Access | Lost 5 allies 36808 | -1/Access | System corruption reached 10% 36852 | -1/Access | Lost 3 parts (1p2u) 36944 | -1/Access | Spotted B-99 Colossus 37112 | -1/Access | Lost 5 parts (1p3u1w) 37396 | -1/Access | Build established: Hacker-Gunner 38031 | -1/Access | Energy Cycler disabled 38086 | -1/Access | Lost 7 parts (1p2n3u1w) 38177 | -1/Access | Lost 3 parts (1p1u1w) 38209 | -1/Access | System corruption reached 30% 38218 | -1/Access | Core integrity fell below 50% 38242 | -1/Access | Lost 3 parts (1u2w) 38268 | -1/Access | Released all parts (7) 38283 | -1/Access | Core integrity fell below 20% 38287 | -1/Access | Destroyed by C-57 Dissector with Dual-blade Saw Last Messages --------------- 38263_ Acquired Imp. Antigrav System. 38265_ U-05 Engineer builds a Wall. 38265_ Adv. Cryofiber Web destroyed. 38266_ Dropped Lrg. Battery. 38268_ Released Imp. Antigrav System. 38268_ Released Adv. Target Analyzer. 38268_ Released Adv. Signal Interpreter. 38268_ Released Adv. Hacking Suite. 38274_ K-01 Serf collects debris. 38274_ Acquired 40 matter. 38275_ R-10 Processor collects Imp. Antigrav System. 38275_ Acquired Hvy. Machine Gun. 38277_ System corrupted: Hvy. Machine Gun rejected. 38277_ U-05 Engineer destroyed. 38277_ Acquired 29 matter. 38277_ Acquired 1 matter. 38278_ K-01 Serf collects debris. 38280_ Slug penetrates G-73 Enforcer. 38280_ G-73 Enforcer Myomer Leg blasted off. [Achievement: 30k Club] Map ----- +----------------------------------------------------+ | # ?? ??? ###############"###?????????????????? | | # ? ? # # ###?????????????????? | | ???? # = # ##### ??????????? | | ??? [ = # ![ !############??????????? | | ?????? "" = # ! # ##??????????? | | ??????? """% # [ =!% ]# ! ##??????????? | | ??????? R" # ]# ##??????????? | | ????????""" #""##++######"# ##??????????? | | ??????? "" ##" %"#%""###+####+#####??????????? | | ??????? ?## % %""" ####=#####??????????? | | ????? ??## ==%=! ##?#!#??????????????? | | ?????##########" % [ !! #### #??????????????? | | ?????# # =%!! #### ##?????????????? | | ?????# ! # % *! !! ##?????????????? | | ?????# " !=%#??????????????? | | ?????# " %#??????????????? | | ?????# # p H ####??????????????? | | ?????# / ?# %p g ## ???????????????? | | ?????# ??###/#####"#g%= #? ???????????????? | | ?????# ?????# ! ## * !!#? ??????????????? | | ?????######??????# g## p %#? ??????????????? | | ?????????????????# + %#####+## ?????????? | | ?????????????????#! # p %k ????????? | | ?????????????????# #c w????????? | | ?????????????????# ] !#cc ????????? | | ?????????????????########@ ????????? | | ????????????????????????# ????????? | | ????????????????????????# ????????? | | ????????????????????????# ##########?????????? | | ???????????????????????? ##?????????????????? | | ????????????????????????#######??????????????????? | | ?????????????????????????????????????????????????? | | ?????????????????????????????????????????????????? | | ?????????????????????????????????????????????????? | | ?????????????????????????????????????????????????? | | ?????????????????????????????????????????????????? | | ?????????????????????????????????????????????????? | | ?????????????????????????????????????????????????? | | ?????????????????????????????????????????????????? | | ?????????????????????????????????????????????????? | | ?????????????????????????????????????????????????? | | ?????????????????????????????????????????????????? | | ?????????????????????????????????????????????????? | | ?????????????????????????????????????????????????? | | ?????????????????????????????????????????????????? | | ?????????????????????????????????????????????????? | | ?????????????????????????????????????????????????? | | | | | | | +----------------------------------------------------+ Best States ------------- Heat Dissipation 100 Energy Generation 55 Energy Capacity 700 Matter Stores 450 Matter Capacity 450 Sight Range 16 Robot Scan Range 16 Terrain Scan Range 20 Terrain Scan Density 210 Jamming Range 14 Base Temperature (-) 200 EM Shielding 2 Corruption Containment 12 Corruption Block 15 Armor Coverage 1200 Resistance: KI 30 Resistance: TH 10 Power Shielding 66 Propulsion Shielding 66 Phase Shifting 10 Evasion (%) 50 Targeting Accuracy 8 Target Analysis 12 Core Analysis 6 Armor Integrity Analysis 40 Recoil Reduction 4 Kinecelleration 30 Offensive Hacking 28 Item Schematics ----------------- Combat Drone Bay | -6/Data Miner | Free Lgt. Regenerative Plating | -6/Data Miner | Free Enh. Armored Leg | -6/Data Miner | Free Prc. Energy Filter | -6/Data Miner | Free Hvy. Proton Cannon | -6/Data Miner | Free Imp. Antigrav System | -6/Data Miner | Free Adv. Focal Shield | -6/Data Miner | Free Micro-nuke Launcher | -6/Data Miner | Free Gamma Rifle | -6/Data Miner | Free Impulse Thruster Array | -6/Data Miner | Free Robot Schematics ------------------ M-36 Artificer | -6/Data Miner | Free X-72 Disruptor | -6/Data Miner | Free I-47 Archangel | -6/Data Miner | Free L-61 Swordsman | -6/Data Miner | Free O-32 Director | -6/Data Miner | Free Fabricated ------------ Nothing Alien Tech Used ----------------- None Achievements -------------- 30k Club Project G-00 Reappropriation Revising The Future Revolutionary Research Challenges ------------ None Game ------ Seed SigixSlugEngine Manual? 0 Play Time 05:19:25 Cumulative 142.4 hours Start 2024.10.03 @ 17:29:00 End 2024.10.03 @ 23:07:31 Sessions 1 Manual Loads 0 Difficulty Rogue Special Mode None Game No. 121 Rogue 121 Adventurer 0 Explorer 0 Win Type - Total 1 Types 1/0/0/0/0/0/0/0/0 Lore% 57 Gallery% 61 Achievement% 48 Wizard Run 0 Options --------- Layout 2 ASCII 0 Keyboard 0 Movement Numpad Keybinds 0 Fullscreen 1 Font 16/Terminus Map View 55x47 Zoom Use 0% Tactical HUD 1 Map Filters NONE Filters NONE Steam 1 RUN: 9c2b4b91-bfb1-4acb-a8db-4b554583e86e